 Dungeon Crawl Stone Soup version 0.21.1-1-g345015fe64 (webtiles) character file.

64 Htamos the Magician (level 3, 0/19 HPs)
             Began as a Deep Elf Conjurer on July 12, 2018.
             Slain by Sigmund
             ... wielding a +0 scythe
              (11 damage)
             ... on level 2 of the Dungeon.
             The game lasted 00:04:16 (1299 turns).

Htamos the Magician (Deep Elf Conjurer)             Turns: 1299, Time: 00:04:16

Health: 0/19       AC:  4    Str:  5    XL:     3   Next: 91%
Magic:  12/12      EV: 13    Int: 20    God:
Gold:   28         SH:  0    Dex: 15    Spells: 12/13 levels left

rFire    . . .     SeeInvis .   e - +0 hunting sling
rCold    . . .     Gourm    .   (no shield)
rNeg     . . .     Faith    .   a - +0 robe
rPois    .         Spirit   .   (no helmet)
rElec    .         Reflect  .   (no cloak)
rCorr    .         Harm     .   o - +1 pair of gloves
MR       .....                  (no boots)
Stlth    ++........             (no amulet)
HPRegen  0.06/turn              (no ring)
MPRegen  0.13/turn              (no ring)

@: very slightly contaminated
A: no striking features
a: no special abilities


You were on level 2 of the Dungeon.
You were not hungry.

You visited 1 branch of the dungeon, and saw 2 of its levels.

You collected 28 gold pieces.

Inventory:

Hand Weapons
 e - a +0 hunting sling (weapon)
Missiles
 g - 51 arrows
 h - 97 stones (quivered)
 p - 14 poisoned needles
Armour
 a - a +0 robe (worn)
 o - a +1 pair of gloves (worn)
Jewellery
 i - an uncursed amulet of harm
Scrolls
 f - a scroll of fear
 l - 2 scrolls of remove curse
 n - a scroll of identify
 r - a scroll of amnesia {unknown}
Books
 b - a book of Conjurations

   Spells                             Type                      Level
   a - Magic Dart                     Conjuration                  1
   b - Searing Ray                    Conjuration                  2
   c - Dazzling Spray                 Conjuration/Hexes            3
   d - Fulminant Prism                Conjuration/Hexes            4
   e - Force Lance                    Conjuration/Translocation    4
   f - Iskenderun's Mystic Blast      Conjuration                  4
Comestibles
 c - 7 rations


   Skills:
 - Level 2.4 Dodging
 - Level 2.4 Stealth
 + Level 5.6 Spellcasting
 - Level 4.5 Conjurations


You had 12 spell levels left.
You knew the following spells:

 Your Spells              Type           Power        Failure   Level  Hunger
a - Magic Dart            Conj           ###.         1%          1    None


Dungeon Overview and Level Annotations

Branches:
Dungeon (2/15)

Altars:
Cheibriados
The Shining One

Annotations:
D:2 Sigmund


Message History

Deactivating autopickup; reactivate with Ctrl-A.
As you read the scroll labeled VIQOCRE UNON, it crumbles to dust.
You feel blessed for a moment.
It was a scroll of remove curse.
As you read the scroll labeled HODDABBOILL, it crumbles to dust.
It is a scroll of enchant armour.
Your +0 pair of gloves glows green for a moment.
As you read the scroll labeled HOUSCH BEWO, it crumbles to dust.
It is a scroll of identify.
i - an uncursed amulet of harm Something barely misses you.
You hear a shout!
You flicker for a moment.
You are confused.
You bump into the rock wall.
You flicker back into view.
Something hits you!
* * * LOW HITPOINT WARNING * * *
It was a potion of curing.
You feel better. Something hits you!
Ouch! That really hurt!
You die...

....≈..........≈......# #...#
#...........§......##.# #...#
.###......≈..§.....##.# #...#
## ##....≈≈≈.§.......# #...#
# #....§.###.....######
##..### #
#......##......####_####.....
#
#...........#..##.....##.....
#
#......##...#..##♣...♣##.....
#
#......###{.@..##.....##..#.#
# #......#
##.#.###♣...♣##..#.# ##......
#....# ##'####..#.# #.####.
###.## #.#.#...#.# #. # . #.#
#.......... # . ... #.#
########### #####..##. #.#
#### ...@.....# .#####.#####
## .....
#######.###...........# .
.##..


There were no monsters in sight!

Vanquished Creatures
  3 gnolls (D:2)
  An ooze (D:1)
  A worm (D:2)
  A dart slug (D:1)
  2 leopard geckos (D:1)
  A bat (D:2)
  A goblin (D:1)
  2 hobgoblins
  6 kobolds
  A ball python (D:2)
  2 frilled lizards (D:1)
  5 rats (D:1)
26 creatures vanquished.

Notes
Turn   | Place    | Note
-------+----------+-------------------------------------------
     0 | D:1      | Htamos the Deep Elf Conjurer began the quest for the Orb.
     0 | D:1      | Reached XP level 1. HP: 10/10 MP: 6/6
   232 | D:1      | Reached XP level 2. HP: 15/15 MP: 4/8
   269 | D:1      | Reached skill level 4 in Spellcasting
   726 | D:2      | Found a glowing golden altar of the Shining One.
   756 | D:2      | Reached XP level 3. HP: 19/19 MP: 4/11
   916 | D:2      | Found a snail-covered altar of Cheibriados.
   960 | D:2      | Reached skill level 5 in Spellcasting
  1254 | D:2      | Noticed Sigmund
  1299 | D:2      | Slain by Sigmund

Skill      XL: |  1  2  3 |
---------------+----------+-----
Spellcasting   | 4 5 |  5.6
Dodging        | |  2.4
Stealth        | |  2.4
Conjurations   | |  4.5

Action                   || total
-------------------------++-------
Melee: Unarmed           ||     7
 Cast: Magic Dart        ||    64
  Use: Scroll            ||     5
       Potion            ||     2
  Eat: Chunk             ||     1
Armor: Robe              ||     2
Dodge: Dodged            ||     8
